 Dungeon Crawl Stone Soup version 0.19-a0-569-g984bae3 (webtiles) character file.

471 shmeve the Ducker (level 6, 0/73 HPs)
             Began as a Vampire Berserker on June 9, 2016.
             Was a Priest of Trog.
             Succumbed to a worker ant's poison
             ... on level 4 of the Dungeon.
             The game lasted 00:08:16 (2633 turns).

shmeve the Ducker (Vampire Berserker)               Turns: 2633, Time: 00:08:16

Health: 0/73       AC:  4    Str: 22    XL:     6   Next: 83%
Magic:  6/6        EV: 14    Int: 10    God:    Trog [***...]
Gold:   128        SH:  0    Dex: 14    Spells: 0 memorised, 5 levels left

rFire  . . .     SeeInvis +     a - +0 hand axe
rCold  . . .     Gourm    .     n - +0 leather armour
rNeg   . . .     Faith    +     (no shield)
rPois  .         Spirit   .     h - +0 helmet
rElec  .         Dismiss  .     (no cloak)
rCorr  .         Reflect  .     (no gloves)
SustAt .         Harm     .     (no boots)
MR     .....                    e - amulet of faith
Stlth  ..........               (no ring)
                                (no ring)

@: berserking, lethally poisoned (0 -> -11), regenerating quickly, very quick,
not resistant to hostile enchantments, extremely unstealthy
A: fangs 3, see invisible, unbreathing
a: Berserk, Trog's Hand, Burn Spellbooks, Renounce Religion


You were on level 4 of the Dungeon.
You worshipped Trog.
Trog was most pleased with you.
You were very full.

You visited 1 branch of the dungeon, and saw 4 of its levels.

You collected 128 gold pieces.

Inventory:

Hand Weapons
 a - a +0 hand axe (weapon)
Armour
 h - a +0 helmet (worn)
 n - a +0 leather armour (worn)
Jewellery
 e - an amulet of faith (around neck)
Scrolls
 b - a scroll of magic mapping {unknown}
 d - a scroll of identify {unknown}
 f - a scroll of blinking {unknown}
 g - a scroll of enchant armour {unknown}
 k - 2 scrolls of enchant weapon {unknown}
 o - a scroll of recharging {unknown}
Potions
 c - 19 potions of blood
 i - a potion of brilliance {unknown}
 j - 2 potions of curing {unknown}
 l - a potion of flight {unknown}
 m - a potion of lignification {unknown}
 p - a potion of heal wounds {unknown}


   Skills:
 * Level 4.4 Fighting
 * Level 4.3 Axes
 - Level 1.5 Armour
 * Level 4.5 Dodging
 + Level 4.1 Stealth


You had 5 spell levels left.
You didn't know any spells.

Dungeon Overview and Level Annotations

Branches:
Dungeon (4/15)
 Temple: D:4-7

Altars:
Okawaru


Innate Abilities, Weirdness & Mutations

Your natural rate of healing is unusually fast.
You have razor-sharp teeth.
You have supernaturally acute eyesight. (SInv)
You can survive without breathing.


Message History

The worker ant closely misses you.
You hit the worker ant.
The worker ant is severely wounded.
The worker ant barely misses you.
You hit the worker ant.
The worker ant is almost dead.
You feel sick. The worker ant bites you.
* * * LOW HITPOINT WARNING * * *
You are lethally poisoned!
The worker ant poisons you!
You closely miss the worker ant.
The worker ant is severely wounded.
The worker ant bites you.
* * * LOW HITPOINT WARNING * * *
You are more poisoned.
The worker ant poisons you!
You slash the worker ant!
You kill the worker ant!
Trog accepts your kill.
You die...

..# ## #..# ## ..##
...##. #... ......
#..### #...####..##.%
.###.....#...#....#
.........@†....##.##
...##.......###...
##.....###.... #.
##........# .##.#
##........# ....
#..##.....###...
#............(# ##
#.........##....# ..#
..##............###...


There were no monsters in sight!

Vanquished Creatures
  A sky beast (D:3)
  An ogre (D:4)
  An orc wizard (D:3)
  A hound (D:4)
  A centaur skeleton (D:4)
  Ijyb (D:3)
  2 worker ants
  5 adders
  2 worms
  A dart slug (D:2)
  3 giant geckos
  7 orcs
  15 bats
  A giant cockroach (D:3)
  6 goblins
  12 hobgoblins
  3 jackals (D:3)
  A kobold (D:2)
  2 ball pythons
  5 giant newts
  9 rats
80 creatures vanquished.

Notes
Turn   | Place    | Note
--------------------------------------------------------------
     0 | D:1      | shmeve the Vampire Berserker began the quest for the Orb.
     0 | D:1      | Reached XP level 1. HP: 17/17 MP: 1/1
   213 | D:1      | Reached XP level 2. HP: 23/23 MP: 2/2
   670 | D:1      | Reached ** piety under Trog
   710 | D:2      | Reached skill level 1 in Stealth
   710 | D:2      | Reached XP level 3. HP: 25/28 MP: 3/3
  1333 | D:2      | Reached XP level 4. HP: 30/35 MP: 4/4
  1384 | D:3      | Noticed Ijyb
  1409 | D:3      | Killed Ijyb
  1544 | D:3      | Found an iron altar of Okawaru.
  1635 | D:3      | Reached *** piety under Trog
  1832 | D:3      | Reached XP level 5. HP: 41/41 MP: 5/5
  2185 | D:3      | Noticed a sky beast
  2196 | D:3      | Killed a sky beast
  2196 | D:3      | Reached XP level 6. HP: 35/48 MP: 6/6
  2632 | D:4      | HP: 1/73 [worker ant (4)]
  2633 | D:4      | Succumbed to a worker ant's poison

Vault maps used:
D:1:      tarquinn_simple_flora_water_e
D:2:      kennysheep_generic_room_13
D:3:      kennysheep_okawaru_gauntlet, first_bread, uniq_iyjb
D:4:      lemuel_doored_altar, kennysheep_slug_shrine, uniq_sigmund

Skill      XL: |  1  2  3  4  5  6 |
---------------+-------------------+-----
Axes           | 3 4 |  4.3
Stealth        | 1 2 3 4 |  4.1
Fighting       | 3 4 |  4.4
Dodging        | 3 4 |  4.5
Armour         | |  1.5

Action                   |  1- 3 |  4- 6 || total
-------------------------+-------+-------++-------
Melee: Hand axe          |   117 |   169 ||   286
       Bite              |     5 |    21 ||    26
Invok: Burn Spellbooks   |     1 |       ||     1
       Berserk           |       |     6 ||     6
  Use: Potion            |       |     1 ||     1
 Stab: Sleeping          |     4 |     1 ||     5
       Distracted        |     1 |     1 ||     2
  Eat: Corpse            |    10 |    13 ||    23
Armor: Animal skin       |    39 |     3 ||    42
       Leather armour    |       |    38 ||    38
Dodge: Dodged            |   105 |   155 ||   260
